AoeStats
← ccereal

MegaRandom

509439071Analyzed
4v4 RM · 5d ago on Sep 26, 2026· 45m 38s· 8 players
Game mode
Random Map
Map size
Large (8 player)
Population
200
Speed
Normal
Resources
Standard
Victory
Conquest
Starting age
Dark Age
Ending age
Imperial Age
RankedLock teamsTeams togetherTeam positionsShared explorationLock speedFull tech treeHidden civsTurbo modeCheats
Victory
Defeat
🇵🇪 Vikings · Peru
1485
+13
🇮🇳 Franks · India
1479
+13
🇸🇪 Cumans · Sweden
1442
+15
🇦🇷 Persians · Argentina
1407
+16
🇫🇷 Saracens · France
1597
-21
🇫🇷 Britons · France
1499
-18
🇫🇷 Lithuanians · France
1341
-11
🇫🇷 Varangians · France
1223
-7
Parle Genius
7:13 Loom
11:48 Feudal Age
12:45 Fishing Lines
14:27 Double-Bit Axe
14:56 Scale Barding Armor
15:58 Forging
27:37 Castle Age
26:46 Gold Mining
28:13 Wheelbarrow
28:52 Chain Barding Armor
27:54 Light Cavalry
28:35 Husbandry
29:37 Bow Saw
31:13 Iron Casting
31:19 Gold Shaft Mining
31:55 Stone Mining
32:27 Hand Cart
45:00 Imperial Age
42:41 Squires
42:34 Treadmill Crane
42:52 Murder Holes
42:59 Scale Mail Armor
46:18 Plate Barding Armor
46:44 Blast Furnace
45:06 Cavalier
46:37 Conscription
EMheLP
6:16 Loom
9:17 Feudal Age
12:25 Double-Bit Axe
12:28 Horse Collar
20:23 Wheelbarrow
22:07 Bloodlines
25:49 Castle Age
24:03 Gold Mining
25:41 Town Watch
26:19 Forging
26:15 Scale Barding Armor
25:55 Light Cavalry
28:05 Iron Casting
29:15 Chain Barding Armor
29:38 Gold Shaft Mining
28:53 Stone Mining
29:06 Heavy Plow
29:17 Bow Saw
32:15 Hand Cart
33:16 Bow Saw
38:46 Imperial Age
38:52 Cavalier
40:04 Conscription
39:43 Hussar
41:11 Plate Barding Armor
40:44 Paladin
42:46 Two-Man Saw
42:30 Fletching
45:22 Blast Furnace
44:18 Bodkin Arrow
44:46 Ballistics
45:27 Chemistry
44:37 Masonry
45:16 Steppe Husbandry
46:05 Crop Rotation
Kaanan
7:15 Loom
10:08 Feudal Age
10:41 Double-Bit Axe
13:25 Town Watch
14:32 Fishing Lines
15:11 Fletching
16:01 Horse Collar
17:36 Padded Archer Armor
33:12 Castle Age
32:50 Gold Mining
34:01 Bodkin Arrow
34:38 Crossbowman
36:38 Clinker Construction
42:00 Stone Mining
43:18 Ballistics
48:37 Imperial Age
MATE
7:10 Loom
9:11 Feudal Age
10:35 Double-Bit Axe
11:14 Horse Collar
15:54 Wheelbarrow
20:18 Castle Age
18:38 Gold Mining
19:50 Bloodlines
19:58 Forging
20:09 Scale Barding Armor
22:39 Gold Shaft Mining
26:22 Iron Casting
26:17 Bow Saw
27:20 Chain Barding Armor
28:16 Husbandry
32:37 Hand Cart
36:23 Town Watch
40:46 Imperial Age
40:26 Cavalier
42:08 Blast Furnace
41:45 Plate Barding Armor
43:33 Two-Man Saw
42:44 Masonry
42:19 Savar
ccereal
8:23 Loom
10:09 Feudal Age
11:30 Double-Bit Axe
12:18 Double-Bit Axe
14:52 Castle Age
14:31 Fletching
14:59 Crossbowman
16:46 Bodkin Arrow
19:22 Padded Archer Armor
24:32 Leather Archer Armor
28:07 Wheelbarrow
28:09 Bow Saw
29:16 Gold Mining
44:07 Ballistics
PayZouZ
10:41 Feudal Age
13:37 Loom
15:55 Castle Age
17:50 Forging
18:20 Double-Bit Axe
31:33 Bloodlines
35:35 Iron Casting
35:06 Scale Barding Armor
37:49 Scale Mail Armor
38:09 Gambesons
38:25 Squires
38:10 Arson
Tonymontana
5:15 Loom
8:45 Feudal Age
14:20 Fletching
17:15 Padded Archer Armor
26:03 Castle Age
24:28 Gold Mining
24:19 Horse Collar
24:25 Double-Bit Axe
26:09 Crossbowman
28:36 Bodkin Arrow
31:22 Wheelbarrow
32:35 Stone Mining
35:44 Gold Shaft Mining
36:08 Leather Archer Armor
36:49 Heavy Plow
37:00 Bow Saw
41:46 Imperial Age
42:01 Hand Cart
41:31 Town Watch
41:52 Arbalester
42:38 Bracer
43:08 Ring Archer Armor
42:48 Elite Longbowman
44:10 Yeomen
45:15 Chemistry
44:36 Ballistics
La Momone 38
6:42 Loom
9:23 Feudal Age
16:04 Forging
16:00 Scale Barding Armor
16:43 Bloodlines
24:46 Castle Age
24:42 Wheelbarrow
24:50 Gold Mining
26:14 Iron Casting
26:00 Chain Barding Armor
27:37 Husbandry
28:39 Padded Archer Armor
35:15 Hand Cart
38:28 Imperial Age
37:12 Horse Collar
37:54 Heavy Plow
38:54 Cavalier
42:18 Chemistry
42:04 Plate Barding Armor
42:05 Paladin
Connection lost

Rejoining the realm…

Still unreachable

The connection could not be restored.

Session expired

The server has moved on; the page needs a fresh start.